 Dungeon Crawl Stone Soup version 0.16-a0-3134-g9b1347a (webtiles) character file.

33364 PolkaDot the Summoner (level 13, -4/93 HPs)
             Began as a Vampire Summoner on Dec 14, 2014.
             Was the Champion of Sif Muna.
             Slain by a giant leech (26 damage)
             ... on level 8 of the Lair of Beasts.
             The game lasted 02:02:15 (23049 turns).

PolkaDot the Summoner (Vampire Summoner)           Turns: 23049, Time: 02:02:15

Health: -4/93      AC: 12    Str: 12      XL:     13   Next: 36%
Magic:  18/32      EV: 12    Int: 21 (24) God:    Sif Muna [******]
Gold:   1440       SH:  0    Dex: 14      Spells: 7 memorised, 1 level left

rFire  + + .     SeeInvis +     a - +9 spear "Phydy" {vamp, Stlth+}
rCold  . . .     Clarity  .     E - +2 robe of Parts Unknown {rF++ rCorr}
rNeg   . . .     SustAb   .     (no shield)
rPois  +         Gourm    .     i - +1 helmet {Int+3}
rElec  .         Spirit   .     (no cloak)
rCorr  +         Warding  .     q - +2 pair of gloves
rMut   .         Stasis   .     A - +0 pair of boots (curse)
MR     +....                    (no amulet)
Stlth  ++++......               k - ring of magical power
                                N - ring of poison resistance

@: mighty, regenerating very quickly, slowed, very slow, somewhat resistant to
hostile enchantments, stealthy
A: bottle blood, fangs 3, slimy green scales 1, see invisible, low mp 1,
unbreathing
a: Channel Energy, Forget Spell, Renounce Religion


You were on level 8 of the Lair of Beasts.
You worshipped Sif Muna.
Sif Muna was exalted by your worship.
You were almost alive.

You visited 3 branches of the dungeon, and saw 20 of its levels.
You also visited: Ossuary.

You collected 1440 gold pieces.

Inventory:

Hand weapons
 a - the +9 spear "Phydy" (weapon) {vamp, Stlth+}
   (You found it on level 9 of the Dungeon)

   It inflicts no extra harm, but heals its wielder somewhat when it strikes a
   living foe.
   It makes you more stealthy.
 V - a +0 lajatang
Missiles
 D - 2 throwing nets (quivered)
Armour
 i - a +1 helmet of intelligence (worn)
 q - a +2 pair of gloves (worn)
 A - a cursed +0 pair of boots (worn)
 E - the +2 robe of Parts Unknown (worn) {rF++ rCorr}
   (You found it on level 4 of the Lair of Beasts)

   It greatly protects you from fire.
   It protects you from acid and corrosion.
Magical staves
 b - an uncursed staff of summoning
Jewellery
 f - an uncursed ring of magical power
 k - a ring of magical power (right hand)
 N - a ring of poison resistance (left hand)
 Z - a +5 ring of evasion
Magical devices
 c - a wand of draining (2)
 s - a wand of fire (7)
 C - a wand of draining (6)
 K - a wand of frost (11)
 P - a wand of paralysis (17)
 Q - a wand of teleportation (5)
 S - a wand of enslavement (9)
 W - a wand of disintegration (9)
Scrolls
 d - 2 scrolls of fog
 e - 6 scrolls of blinking
 h - 2 scrolls of fear
 j - 7 scrolls of remove curse
 o - a scroll of recharging
 u - 2 scrolls of enchant armour
 v - 3 scrolls of silence
 y - 5 scrolls of amnesia
 z - 12 scrolls of teleportation
 F - 7 scrolls of immolation
 G - 2 scrolls of magic mapping
 H - a scroll of enchant weapon
 T - a scroll of vulnerability
Potions
 g - 3 potions of magic
 l - 3 potions of restore abilities
 m - 14 potions of blood {@*1}
 p - 4 potions of brilliance
 r - 2 potions of flight
 t - a potion of haste
 B - 2 potions of berserk rage
 J - a potion of might
 O - a potion of ambrosia
 R - a potion of mutation {!q}
Books
 w - an Akashic Record {highlevel}

   This book is beyond your current level of understanding.

   Spells                             Type                      Level
   a - Dispersal                      Translocation                6
   b - Controlled Blink               Translocation                7
   c - Malign Gateway                 Summoning/Translocation      7
   d - Disjunction                    Translocation                8
   e - Singularity                    Translocation                9
 x - a book of Dreams {god gift}

   Spells                             Type                      Level
   a - Ensorcelled Hibernation        Hexes/Ice                    2
   b - Flight                         Charms/Air                   3
   c - Phase Shift                    Translocation                5
   d - Shadow Creatures               Summoning                    5
   e - Mass Confusion                 Hexes                        6
   f - Darkness                       Hexes                        7
 I - a Grand Grimoire {highlevel}

   This book is beyond your current level of understanding.

   Spells                             Type                      Level
   a - Aura of Abjuration             Summoning                    6
   b - Forceful Dismissal             Summoning                    6
   c - Summon Greater Demon           Summoning                    7
   d - Malign Gateway                 Summoning/Translocation      7
   e - Summon Horrible Things         Summoning                    8
 L - a book of Summonings

   Spells                             Type                      Level
   a - Abjuration                     Summoning                    3
   b - Recall                         Summoning/Translocation      3
   c - Shadow Creatures               Summoning                    5
   d - Summon Demon                   Summoning                    5
   e - Summon Forest                  Summoning/Translocation      5
   f - Monstrous Menagerie            Summoning                    6
Miscellaneous
 X - a lantern of shadows


   Skills:
 - Level 6.1 Fighting
 + Level 8.5 Polearms
 - Level 2.1 Dodging
 - Level 3.0 Stealth
 - Level 5.8 Spellcasting
 - Level 5.5 Hexes
 - Level 5.2 Charms
 + Level 13.0 Summonings
 - Level 5.0 Necromancy
 - Level 5.6 Translocations
 - Level 5.2 Ice Magic
 * Level 4.5 Invocations
 - Level 6.9 Evocations


You had one spell level left.
You knew the following spells:

 Your Spells              Type           Power        Failure   Level  Hunger
d - Call Canine Familiar  Summ           ######..     1%          3    ##.....
f - Summon Forest         Summ/Tloc      #####.....   8%          5    #####..
g - Summon Guardian Gole  Hex/Summ       #####...     2%          4    ####...
i - Summon Ice Beast      Ice/Summ       #####...     2%          4    ####...
q - Blink                 Tloc           N/A          1%          2    None
r - Regeneration          Chrm/Necr      ####......   3%          3    ##.....
A - Apportation           Tloc           ####......   1%          1    None


Dungeon Overview and Level Annotations

Branches:
Dungeon (11/15)            Temple (1/1) D:7            Lair (8/8) D:9
  Swamp (0/5) Lair:6       Shoals (0/5) Lair:5       Spider (0/5) Lair:5
  Slime (0/6) Lair:6          Orc (0/4) D:11

Altars:
Ashenzari
Cheibriados
Dithmenos
Elyvilon
Fedhas
Gozag
Kikubaaqudgha
Makhleb
Nemelex Xobeh
Okawaru
Qazlal
Ru
Sif Muna
Trog
Vehumet
Xom
Yredelemnul
Zin
The Shining One
Jiyva

Shops:
D:4 *

Annotations:
D:11 Nessos
Lair:8 runed door


Innate Abilities, Weirdness & Mutations

Your natural rate of healing is extremely fast.
You can bottle blood from corpses.
You have razor-sharp teeth.
You have supernaturally acute eyesight.
You can survive without breathing.
You are partially covered in slimy green scales (AC +2).
Your magical capacity is low (-10% MP).


Message History

You kill the brain worm!
The worm bites you but does no damage. The torpor snail bites you!
* * * LOW HITPOINT WARNING * * *
You puncture the torpor snail!
You feel better.
The torpor snail is severely wounded.
The giant leech completely misses you. The worm misses you.
You puncture the torpor snail!
You feel better.
You bite the torpor snail!
The torpor snail is almost dead.
The torpor snail bites you!
* * * LOW HITPOINT WARNING * * *
The giant leech closely misses you.
You hit the torpor snail but do no damage.
The torpor snail is almost dead.
You hear a grinding noise.
The worm bites you.
* * * LOW HITPOINT WARNING * * *
The torpor snail bites you!!
* * * LOW HITPOINT WARNING * * *
The giant leech bites you!!
You die...

###### #
###....##### ####
##w.........#####...
#ww@####P....##.....
#.w## ####..#....##
#.. ### ##....###
#[.. #.###...###
##.. ###.P...##
######.Y....##
#.#...#..P.####
##...####...#.# #
##...## #.#รท..### #


You could see a giant leech, a torpor snail and 2 worms.

Vanquished Creatures
  A hydra (Lair:6)
  An ice statue (Lair:4)
  A lindwurm (Lair:8)
  A griffon (Lair:5)
  3 black mambas
  An elephant (Lair:5)
  5 torpor snails (Lair:8)
  3 komodo dragons
  A fire drake (Lair:5)
  3 polar bears
  A jumping spider (Lair:5)
  A giant leech (Lair:8)
  4 blink frogs (Lair:4)
  2 basilisks
  3 wyverns
  18 yaks
  2 vampire mosquitoes (Lair:6)
  A wolf (Lair:1)
  8 hippogriffs
  Edmund (D:5)
  12 water moccasins
  11 porcupines
  5 ice beasts
  3 orc warriors
  An eye of draining (D:8)
  2 black bears (D:9)
  2 yellow wasps (Lair:8)
  2 phantoms
  4 centaurs
  2 boring beetles
  An ogre (D:9)
  13 crocodiles
  A big kobold (D:8)
  3 brain worms (Lair:8)
  10 giant frogs
  4 scorpions
  3 wights (D:10)
  A crimson imp (D:7)
  A jelly (D:9)
  A giant frog zombie (D:7)
  13 hounds
  A centaur zombie (D:9)
  2 centaur skeletons
  9 iguanas
  12 orc wizards
  5 orc priests
  A hell rat (Lair:2)
  7 worker ants
  7 sheep
  2 gnolls
  11 adders
  64 river rats
  10 worms
  An adder zombie (D:9)
  An adder skeleton (D:4)
  2 giant geckos
  35 orcs
  8 bats
  A bat skeleton (D:4)
  2 bat zombies (D:8)
  6 giant cockroaches
  7 hobgoblins
  10 jackals
  24 kobolds
  15 quokkas
  4 giant newts
  10 goblins
  A hobgoblin zombie (Ossuary)
  A jackal zombie (D:5)
  10 rats
  A ballistomycete (D:6)
  A fungus (Lair:5)
427 creatures vanquished.

Vanquished Creatures (collateral kills)
  Maud (Lair:7)
  The ghost of PolkaDot the Brawler, a powerful TrMo (Lair:2)
  Harold (Lair:7)
  3 hydras
  2 lindwurms
  A wolf spider (Lair:5)
  2 elephants (Lair:5)
  10 spiny frogs
  2 black mambas (Lair:7)
  2 komodo dragons
  A troll (D:9)
  A freezing wraith (Lair:4)
  2 giant leeches (Lair:8)
  Grinder (D:4)
  9 blink frogs
  A basilisk (D:9)
  2 redbacks (Lair:5)
  16 yaks
  3 hippogriffs
  5 wolves (Lair:1)
  A vampire mosquito (Lair:6)
  4 orc warriors
  8 porcupines
  A spider (Lair:5)
  14 ice beasts
  3 sky beasts
  2 necrophages
  3 black bears (D:9)
  A yellow wasp (Lair:8)
  3 centaurs
  4 ogres
  6 crocodiles
  A phantom (D:8)
  5 giant frogs
  A big kobold (D:9)
  A wyvern skeleton (D:9)
  3 scorpions
  3 killer bees (D:9)
  4 wights
  2 goliath beetles (D:8)
  A quasit (D:8)
  2 crimson imps
  3 iron imps (D:3)
  A jelly (D:5)
  4 hounds
  4 iguanas
  8 orc priests
  A gnoll shaman (D:9)
  4 worker ants
  4 orc wizards
  A hell rat (Lair:2)
  9 sheep
  8 mummies (Ossuary)
  5 gnolls
  2 shadow imps
  2 adders
  18 river rats
  A white imp (Lair:4)
  A giant mite (D:8)
  6 worms
  5 giant geckos
  15 orcs
  3 bats
  2 giant cockroaches
  2 hobgoblins
  6 jackals
  A quokka (D:9)
  A giant newt (D:2)
  A giant spore (D:6)
  A goblin (D:2)
  5 hobgoblin zombies (Ossuary)
  8 kobolds
  A kobold zombie (D:7)
  2 orc zombies (Ossuary)
  2 rats
  A fungus (Lair:7)
  4 plants
281 creatures vanquished.

Vanquished Creatures (others)
  A catoblepas (Lair:6)
  5 guardian golems
  2 wargs
  23 wolves
  36 ice beasts
  A centaur (Lair:5)
  4 crimson imps
  12 hounds
  An orc wizard (D:8)
  3 shadow imps
  6 white imps
  2 bats (D:6)
  4 quokkas (D:6)
  2 fungi
  A plant (Lair:8)
103 creatures vanquished.

Grand Total: 811 creatures vanquished

Notes
Turn   | Place    | Note
--------------------------------------------------------------
     0 | D:1      | PolkaDot, the Vampire Summoner, began the quest for the Orb.
     0 | D:1      | Reached XP level 1. HP: 13/13 MP: 3/3
    66 | D:1      | Reached skill level 1 in Fighting
   361 | D:1      | Reached XP level 2. HP: 15/21 MP: 4/4
   373 | D:1      | Learned a level 2 spell: Call Imp
  1645 | D:2      | Found a radiant altar of Vehumet.
  1777 | D:2      | Reached XP level 3. HP: 19/28 MP: 0/6
  1924 | D:2      | Learned a level 3 spell: Call Canine Familiar
  2271 | D:2      | Found a snail-covered altar of Cheibriados.
  2398 | D:2      | Reached XP level 4. HP: 24/34 MP: 7/7
  2419 | D:2      | Gained mutation: You are partially covered in slimy green scales (AC +2). [potion of mutation]
  2419 | D:2      | Gained mutation: Your magical capacity is low (-10% MP). [potion of mutation]
  2914 | D:3      | Found a burning altar of Makhleb.
  2986 | D:3      | Reached XP level 5. HP: 15/42 MP: 0/8
  3486 | D:4      | Reached skill level 5 in Summonings
  3586 | D:4      | Found a glowing silver altar of Zin.
  3587 | D:4      | Found Zin's Purification Station.
  3801 | D:4      | Noticed Grinder
  3801 | D:4      | Paralysed by Grinder for 3 turns
  3815 | D:4      | Reached XP level 6. HP: 49/49 MP: 9/9
  4152 | D:4      | Paralysed by Grinder for 7 turns
  4171 | D:4      | Killed Grinder
  4171 | D:4      | Reached skill level 5 in Fighting
  4279 | D:4      | Reached XP level 7. HP: 48/56 MP: 10/10
  4463 | D:5      | Entered Level 5 of the Dungeon
  4463 | D:5      | Found a sand-covered staircase.
  4463 | D:5      | Noticed Edmund
  4483 | D:5      | Killed Edmund
  4483 | D:5      | Reached skill level 6 in Summonings
  4566 | Ossuary  | Entered an ossuary
  4602 | Ossuary  | Reached skill level 1 in Evocations
  5653 | D:6      | Reached skill level 7 in Summonings
  5653 | D:6      | Reached XP level 8. HP: 55/64 MP: 11/11
  6063 | D:6      | Found an iron altar of Okawaru.
  6064 | D:6      | Found a shimmering altar of Xom.
  6272 | D:6      | Learned a level 4 spell: Summon Ice Beast
  6489 | D:6      | Reached skill level 8 in Summonings
  6740 | D:6      | Got a faintly glowing spear
  7290 | D:7      | Found a staircase to the Ecumenical Temple.
  7315 | Temple   | Entered the Ecumenical Temple
  7554 | D:7      | Found an opulent altar of Gozag.
  7572 | D:7      | Found a sacrificial altar of Ru.
  7605 | D:7      | Found a deep blue altar of Sif Muna.
  7607 | D:7      | Found a white marble altar of Elyvilon.
  7613 | D:7      | Became a worshipper of Sif Muna the Loreminder
  7665 | D:7      | Reached skill level 1 in Ice Magic
  7797 | D:7      | Learned a level 1 spell: Apportation
  8075 | D:7      | Reached XP level 9. HP: 61/69 MP: 11/13
  8452 | D:8      | Reached skill level 9 in Summonings
  8735 | D:8      | Reached skill level 5 in Evocations
  8937 | D:8      | Acquired Sif Muna's first power
  9232 | D:8      | Learned a level 2 spell: Blink
  9773 | D:8      | Reached skill level 5 in Ice Magic
 10044 | D:9      | Found a bloodstained altar of Trog.
 10052 | D:9      | Reached skill level 1 in Translocations
 10253 | D:9      | Acquired Sif Muna's second power
 10310 | D:9      | Reached XP level 10. HP: 32/71 MP: 7/17
 10363 | D:9      | Found a staircase to the Lair.
 10609 | D:9      | Found a glowing golden altar of the Shining One.
 10628 | D:9      | Reached skill level 10 in Summonings
 11461 | D:9      | Got a scorched spear
 11462 | D:9      | Identified the +9 spear "Phydy" {vamp, Stlth+} (You found it on level 9 of the Dungeon)
 11548 | D:10     | Entered Level 10 of the Dungeon
 11696 | D:10     | Reached skill level 5 in Translocations
 11792 | D:10     | Reached skill level 1 in Polearms
 12528 | D:11     | Found a staircase to the Orcish Mines.
 12535 | D:11     | Noticed Nessos
 12621 | Lair:1   | Entered Level 1 of the Lair of Beasts
 12949 | Lair:1   | Reached XP level 11. HP: 4/76 MP: 16/18
 13399 | Lair:1   | Acquired Sif Muna's third power
 13613 | Lair:1   | Learned a level 4 spell: Summon Guardian Golem
 13983 | Lair:2   | Noticed PolkaDot's ghost (powerful TrMo)
 14013 | Lair:2   | Killed PolkaDot's ghost
 14013 | Lair:2   | Reached skill level 1 in Hexes
 14142 | Lair:2   | Reached skill level 11 in Summonings
 14162 | Lair:2   | Reached skill level 5 in Polearms
 16750 | Lair:4   | Reached skill level 5 in Hexes
 17206 | Lair:4   | Noticed an ice statue
 17230 | Lair:4   | Reached XP level 12. HP: 35/88 MP: 9/19
 17511 | Lair:4   | Killed an ice statue
 17559 | Lair:4   | Identified the Handbook of Good Luck and Poison
 17575 | Lair:4   | Got a faintly glowing robe
 17586 | Lair:4   | Identified the +2 robe of Parts Unknown {rF++ rCorr} (You found it on level 4 of the Lair of Beasts)
 18025 | Lair:4   | Learned a level 3 spell: Regeneration
 18307 | Lair:5   | Reached skill level 1 in Charms
 18454 | Lair:5   | Noticed an eight-headed hydra
 18466 | Lair:5   | Killed an eight-headed hydra
 18639 | Lair:5   | Found a hole to the Spider Nest.
 18651 | Lair:5   | Reached skill level 12 in Summonings
 19177 | Lair:5   | Found a staircase to the Shoals.
 19255 | Lair:5   | Received a gift from Sif Muna
 19255 | Lair:5   | Reached skill level 5 in Charms
 19600 | Lair:5   | Reached skill level 5 in Spellcasting
 19791 | Lair:6   | Noticed a four-headed hydra
 19799 | Lair:6   | Killed a four-headed hydra
 19799 | Lair:6   | Reached skill level 1 in Necromancy
 19877 | Lair:6   | Noticed a four-headed hydra
 19885 | Lair:6   | Killed a four-headed hydra
 20440 | Lair:6   | Found a viscous altar of Jiyva.
 20440 | Lair:6   | Found a staircase to the Slime Pits.
 20465 | Lair:6   | Found a staircase to the Swamp.
 20822 | Lair:6   | Learned a level 5 spell: Summon Forest
 20854 | Lair:7   | Noticed Maud
 20870 | Lair:7   | Killed Maud
 21084 | Lair:7   | Reached skill level 5 in Necromancy
 21186 | Lair:7   | Reached skill level 1 in Invocations
 21219 | Lair:7   | Reached XP level 13. HP: 40/93 MP: 17/23
 21371 | Lair:7   | Noticed a seven-headed hydra
 21382 | Lair:7   | Killed a seven-headed hydra
 21924 | Lair:7   | Identified a scroll of acquirement
 22018 | Lair:7   | Noticed Harold
 22035 | Lair:7   | Killed Harold
 22444 | Lair:8   | Entered Level 8 of the Lair of Beasts
 22706 | Lair:8   | Found a runed door.
 23003 | Lair:8   | Reached skill level 13 in Summonings
 23049 | Lair:8   | Slain by a giant leech

Action                   |  1- 3 |  4- 6 |  7- 9 | 10-12 | 13-15 || total
-------------------------+-------+-------+-------+-------+-------++-------
Melee: Unarmed           |    34 |       |     7 |       |       ||    41
       Dagger            |   129 |       |   296 |       |       ||   425
       Spear             |       |    62 |       |  1142 |   353 ||  1557
       Short sword       |       |   117 |   193 |   123 |       ||   433
       Staff             |       |       |   142 |       |       ||   142
 Cast: Summon Small Mamm |     7 |     3 |     8 |       |       ||    18
       Call Imp          |    16 |     7 |    44 |     3 |       ||    70
       Call Canine Famil |     2 |     3 |    34 |    34 |     6 ||    79
       Summon Ice Beast  |       |       |    26 |   142 |    31 ||   199
       Summon Guardian G |       |       |       |     7 |     4 ||    11
       Regeneration      |       |       |       |    21 |    15 ||    36
       Summon Forest     |       |       |       |     1 |       ||     1
       Apportation       |       |       |       |       |     1 ||     1
       Blink             |       |       |       |       |     1 ||     1
Invok: Channel Energy    |       |       |    20 |   129 |    29 ||   178
 Abil: End Transformatio |       |       |       |     1 |       ||     1
       Bat Form          |       |       |       |     1 |       ||     1
Evoke: Wand              |       |       |     5 |    20 |       ||    25
  Use: Potion            |     5 |    17 |    63 |   119 |    21 ||   225
       Scroll            |       |     5 |    14 |    13 |     8 ||    40
 Stab: Sleeping          |     2 |    10 |    20 |    21 |     6 ||    59
       Distracted        |     3 |     1 |     5 |     7 |     4 ||    20
       Invisible         |       |       |     2 |     6 |       ||     8
       Fleeing           |       |       |       |     1 |     2 ||     3
  Eat: Corpse            |    10 |     6 |       |    10 |     8 ||    34
